 Dungeon Crawl Stone Soup version 0.25.1-2-g60ff931df9 (webtiles) character file.

Game seed: 5183801678205121783

302951 BledDest the Eclecticist (level 20, -5/162 HPs)
             Began as a Demonspawn Conjurer on July 31, 2020.
             Was the Champion of Vehumet.
             Killed from afar by a deep elf high priest (20 damage)
             ... with damnation
             ... on level 3 of the Elven Halls on Aug 1, 2020.
             The game lasted 03:38:52 (50037 turns).

BledDest the Eclecticist (Demonspawn Conjurer)     Turns: 50037, Time: 03:38:52

Health: -5/162     AC: 13    Str: 11    XL:     20   Next: 22%
Magic:  0/50       EV: 21    Int: 38    God:    Vehumet [******]
Gold:   2448       SH: 10    Dex: 14    Spells: 5/53 levels left

rFire    + + .     SeeInvis +   l - +7 rapier "Mudanum" {flame, Int+7}
rCold    + . .     Gourm    .   w - +0 buckler of Penniug {Int+6}
rNeg     . . .     Faith    .   S - +0 steam dragon scales (curse)
rPois    +         Spirit   +   U - +2 hat
rElec    .         Reflect  +   K - scarf {rC+ rF+}
rCorr    .         Harm     .   m - +0 pair of gloves
MR       ++...                  (boots unavailable)
Stlth    ++........             t - amulet of reflection
HPRegen  0.37/turn              y - ring "Tepeypn" {rPois MP+9}
MPRegen  0.64/turn              T - ring of Nuqaech {rF+ MR+ Int+2 SInv}

@: about to teleport, very slightly contaminated, studying Slings, drained
A: talons 3, slimy green scales 2, demonic guardian 3, magic shield, magic
regeneration, magic link
}: 2/15 runes: decaying, gossamer
a: Renounce Religion


You were on level 3 of the Elven Halls.
You worshipped Vehumet.
Vehumet was exalted by your worship.
You were not hungry.

You visited 7 branches of the dungeon, and saw 35 of its levels.
You also visited: Ossuary, Bailey and Gauntlet.

You collected 3968 gold pieces.
You spent 1520 gold pieces at shops.

Inventory:

Hand Weapons
 l - the +7 rapier "Mudanum" (weapon) {flame, Int+7}
   (You found it on level 6 of the Lair of Beasts)

   It has been specially enchanted to burn those struck by it, causing extra
   injury to most foes and up to half again as much damage against particularly
   susceptible opponents.
   It affects your intelligence (+7).
Missiles
 h - 809 stones (quivered)
Armour
 m - a +0 pair of gloves (worn)
 w - the +0 buckler of Penniug (worn) {Int+6}
   (You found it on level 3 of the Swamp)

   It affects your intelligence (+6).
 F - a +1 kite shield of reflection
 K - a scarf of resistance (worn)
 S - cursed +0 steam dragon scales (worn)
 U - a +2 hat (worn)
Jewellery
 s - an uncursed ring of ice {unknown}
 t - an amulet of reflection (around neck)
 y - the ring "Tepeypn" (left hand) {rPois MP+9}
   (You took it off a centaur warrior on level 15 of the Dungeon)

   [ring of poison resistance]

   It protects you from poison.
   It affects your magic capacity (+9).
 G - the amulet "Balu" {rPois rF- Regen+ MP+9 Slay+4, unknown}
   (You found it on level 1 of the Elven Halls)

   [amulet of regeneration]

   It affects your accuracy and damage with ranged weapons and melee attacks
   (+4).
   It makes you vulnerable to fire.
   It protects you from poison.
   It affects your magic capacity (+9).
   It increases your rate of regeneration.
 J - the ring of Untruth {rN+ Str+3 Int+3 Dex+2}
   (You found it in a Gauntlet)

   [ring of positive energy]

   It affects your strength (+3).
   It affects your intelligence (+3).
   It affects your dexterity (+2).
   It protects you from negative energy.
 N - an uncursed ring of positive energy {unknown}
 T - the ring of Nuqaech (right hand) {rF+ MR+ Int+2 SInv}
   (You found it in a Gauntlet)

   [ring of protection from magic]

   It affects your intelligence (+2).
   It protects you from fire.
   It affects your resistance to hostile enchantments.
   It lets you see invisible.
Wands
 a - a wand of flame (31)
 o - a wand of acid (14)
 C - a wand of iceblast (76)
 R - a wand of paralysis (30)
 Z - a wand of clouds (3)
Scrolls
 f - 3 scrolls of teleportation
 g - a scroll of torment
 i - a scroll of enchant armour
 u - a scroll of identify
 v - 2 scrolls of fog
 D - 13 scrolls of remove curse
 I - 4 scrolls of fear
 L - 2 scrolls of amnesia
 M - 6 scrolls of vulnerability
 P - a scroll of silence
 Q - 4 scrolls of magic mapping
Potions
 b - a potion of cancellation
 d - 4 potions of berserk rage
 e - 14 potions of curing
 j - 5 potions of ambrosia
 n - 4 potions of brilliance
 p - 8 potions of stabbing
 r - 6 potions of resistance
 x - 4 potions of heal wounds
 z - 8 potions of might
 A - 8 potions of lignification
 B - 4 potions of flight
 E - 7 potions of haste
Books
 H - a manual of Slings
Miscellaneous
 k - 2 phantom mirrors
Comestibles
 c - 39 rations
 q - 14 chunks of flesh


   Skills:
 - Level 15.0(14.1) Fighting
 * Level 8.2(7.5) Armour
 - Level 15.0(14.1) Dodging
 - Level 1.7(1.1) Stealth
 + Level 6.4(5.7) Shields
 - Level 17.0(16.0) Spellcasting
 - Level 14.0(13.1) Conjurations
 - Level 10.0(9.2) Air Magic
 - Level 10.0(9.2) Earth Magic


You had 5 spell levels left.
You knew the following spells:

 Your Spells              Type           Power        Failure   Level  Hunger
a - Magic Dart            Conj           ####         0%          1    None
b - Searing Ray           Conj           ######       0%          2    None
c - Iskenderun's Mystic   Conj/Tloc      ######..     1%          4    None
d - Freezing Cloud        Conj/Ice/Air   ######....   2%          6    None
e - Fulminant Prism       Conj/Hex       ######....   1%          4    None
f - Lehudib's Crystal Sp  Conj/Erth      #######...   19%         8    #####..
g - Swiftness             Chrm/Air       ######..     1%          2    None
h - Borgnjor's Vile Clut  Necr/Erth      ######....   4%          5    None
i - Lee's Rapid Deconstr  Erth           #######...   1%          5    None
j - Iskenderun's Battles  Conj/Chrm      ######..     1%          5    None
k - Iron Shot             Conj/Erth      #######...   1%          6    None

Your spell library contained the following spells:

 Spells                   Type           Power        Failure   Level  Hunger
 Chain Lightning          Conj/Air       #######...   19%         8    #####..
 Tornado                  Air            #######...   99%         9    ######.
 Ignition                 Fire           ####......   100%        8    #####..
 Shock                    Conj/Air       ####         0%          1    None
 Apportation              Tloc           ####..       1%          1    None
 Corona                   Hex            ####...      1%          1    None
 Foxfire                  Conj/Fire      ####         1%          1    None
 Infusion                 Chrm           ####         1%          1    None
 Summon Butterflies       Summ           ####....     1%          1    None
 Summon Small Mammal      Summ           ####         1%          1    None
 Call Imp                 Summ           ####....     1%          2    None
 Shroud of Golubria       Chrm/Tloc      ####..       1%          2    None
 Slow                     Hex            ####....     1%          2    None
 Song of Slaying          Chrm           ####....     1%          2    None
 Dazzling Flash           Conj/Hex       ######       1%          3    None
 Inner Flame              Hex/Fire       ####....     1%          3    None
 Static Discharge         Conj/Air       #######.     1%          3    None
 Airstrike                Air            #######...   1%          4    None
 Leda's Liquefaction      Hex/Erth       ######....   1%          4    None
 Petrify                  Tmut/Erth      ######..     1%          4    None
 Summon Lightning Spire   Summ/Air       ######..     1%          4    None
 Bolt of Magma            Conj/Fire/Erth ######....   1%          5    None
 Lightning Bolt           Conj/Air       #######...   1%          5    None
 Call Canine Familiar     Summ           ####....     3%          3    None
 Confusing Touch          Hex            ####....     3%          3    None
 Gell's Gravitas          Tloc           ####......   3%          3    None
 Lesser Beckoning         Tloc           ####......   3%          3    None
 Ozocubu's Armour         Chrm/Ice       ####....     3%          3    None
 Portal Projectile        Hex/Tloc       ####..       3%          3    None
 Recall                   Summ/Tloc      N/A          3%          3    None
 Spectral Weapon          Hex/Chrm       ####....     3%          3    None
 Summon Guardian Golem    Hex/Summ       ####....     3%          3    None
 Tukima's Dance           Hex            ####....     3%          3    None
 Silence                  Hex/Air        ######....   4%          5    None
 Yara's Violent Unravell  Hex/Tmut       ####......   9%          5    None
 Cause Fear               Hex            ####......   11%         4    None
 Summon Ice Beast         Ice/Summ       ####....     11%         4    None
 Alistair's Intoxication  Tmut/Pois      ####....     30%         5    None
 Aura of Abjuration       Summ           ####......   30%         5    None
 Metabolic Englaciation   Hex/Ice        ####......   30%         5    None
 Summon Demon             Summ           ####......   30%         5    None
 Summon Forest            Summ/Tloc      ####......   30%         5    None
 Summon Mana Viper        Hex/Summ       ####....     30%         5    None
 Orb of Destruction       Conj           #######...   1%          7    ###....
 Statue Form              Tmut/Erth      ######...    26%         6    None
 Invisibility             Hex            ####....     86%         6    None
 Shadow Creatures         Summ           N/A          86%         6    None
 Shatter                  Erth           #######...   99%         9    ######.
 Summon Hydra             Summ           ####......   100%        7    ###....
 Discord                  Hex            ####......   100%        8    #####..


Dungeon Overview and Level Annotations

Branches:
Dungeon (15/15)            Temple (1/1) D:5            Lair (6/6) D:11
  Swamp (4/4) Lair:4       Spider (4/4) Lair:4        Slime (0/5) Lair:5
    Orc (2/2) D:10            Elf (3/3) Orc:2        Vaults (0/5) D:14
 Depths (0/5) D:15        Ossuary (visited)          Bailey (visited)
Gauntlet (visited)

Altars:
Ashenzari
Cheibriados
Dithmenos
Elyvilon
Fedhas
Gozag
Hepliaklqana
Kikubaaqudgha
Makhleb
Nemelex Xobeh
Okawaru
Qazlal
Ru
Sif Muna
Trog
Uskayaw
Vehumet
Wu Jian
Xom
Yredelemnul
Zin
The Shining One
Beogh
Jiyva

Shops:
D:5 (   D:8 !   D:13 (   D:14 :   Orc:1 (%}=[   Orc:2 *:([   Elf:3 }==

Annotations:
D:13 3 runed translucent doors


Innate Abilities, Weirdness & Mutations

You have claws for feet.
You are mostly covered in slimy green scales. (AC +3)
A powerful demonic guardian rushes to your aid.
When hurt, damage is shared between your health and your magic reserves.
You regenerate magic rapidly.
When low on magic, you restore magic in place of health.


Message History

Casting: Iron Shot (mildly dangerous; 1% risk of failure)
Confirm with . or Enter, or press ? or * to list all spells.
You conjure a globe of magical energy.
The deep elf high priest shoots an arrow.
You reflect the arrow off an invisible shield around you!
The arrow hits the deep elf high priest!
The deep elf high priest invokes the aid of its god against you.
The sphere of damnation explodes!
The damnation engulfs you!!
* * * LOW HITPOINT WARNING * * *
The damnation engulfs your battlesphere!!
Your battlesphere is destroyed!
Casting: Iskenderun's Battlesphere (mildly dangerous; 1% risk of failure)
Confirm with . or Enter, or press ? or * to list all spells.
You don't have enough magic to cast that spell.
Okay, then.
As you read the scroll of teleportation, it crumbles to dust.
You feel strangely unstable.
The deep elf high priest invokes the aid of its god against you.
The sphere of damnation explodes!
The damnation engulfs you!!
You die...

############################# .
#...........(.........).).... .##
#............................ ..#
#..§..e...(○@....e(..).......
..###§§.#########'###########'###
1..##§..# .......................
4§§#§§§.# .......................
e4§#§§§.#........................
3§§e§§§.#........................
4###§§§.#########################
. #§§...........................
# ##............................


You could see a deep elf sorcerer and a deep elf high priest.

Vanquished Creatures
  the Lernaean hydra (Swamp:4)
  Rupert (D:14)
  Jorgrun (Orc:2)
  A deep elf blademaster (Elf:2)
  Kirke (D:14)
  4 deep elf sorcerers
  3 ghost moths
  A frost giant (D:15)
  4 orc warlords
  Aizul (Swamp:2)
  6 emperor scorpions
  The ghost of Curus the Executioner, a journeyman HOBe of Trog (Orc:2)
  The ghost of waddelsworth the Earth Mage, a journeyman GrEE of Vehumet (Orc:2)
  The ghost of w3rns the Severer, a journeyman MiFi of Ashenzari (Elf:1)
  A deep elf elementalist (Elf:3)
  2 very ugly things (Swamp:1)
  2 ghouls (D:13)
  The ghost of Quickbrownfox the Tainter, a journeyman DsVM of Vehumet (Orc:2)
  A deep elf demonologist (Elf:2)
  A spark wasp (Spider:4)
  2 deep elf annihilators
  4 entropy weavers
  A minotaur (Gauntlet)
  A deep elf death mage (Elf:3)
  2 ettins
  A fire dragon (Lair:6)
  Josephine (D:15)
  5 deep elf high priests (Elf:3)
  27 hydras
  2 shambling mangroves
  3 catoblepae
  A death knight (D:14)
  29 alligators
  2 centaur warriors (D:15)
  A two-headed ogre (D:9)
  14 dancing weapons
  8 death scarabs (Spider:4)
  2 orc high priests
  A shock serpent (shapeshifter) (Elf:1)
  12 deep elf knights
  A fire crab (Gauntlet)
  A sea snake (shapeshifter) (Elf:1)
  2 unseen horrors (D:11)
  A swamp dragon (shapeshifter) (D:13)
  A lindwurm (Lair:6)
  18 swamp dragons
  An orange crystal statue (D:13)
  A wizard (D:15)
  18 orb spiders
  12 orc knights
  6 deep elf archers
  4 spectral wolf spiders (Spider:4)
  46 deep elf magi
  2 oklob plants (Lair:4)
  25 wolf spiders
  4 wolf spider zombies
  4 manticores
  5 orc sorcerers
  9 ugly things
  5 moths of wrath
  An apocalypse crab (Gauntlet)
  3 black mambas
  4 cyclopes
  3 molten gargoyles
  11 elephants
  A torpor snail (Gauntlet)
  2 gargoyles
  22 spiny frogs
  5 centaur skeletons
  3 rime drakes
  A kobold demonologist (D:15)
  5 spectral redbacks (Spider:4)
  A yaktaur (D:15)
  An efreet (D:15)
  A rime drake (shapeshifter) (Elf:1)
  Maggie (D:9)
  7 komodo dragons
  13 demonic crawlers
  A guardian mummy (D:13)
  4 redback zombies (Spider:4)
  A polar bear (shapeshifter) (Elf:3)
  3 meliai (D:13)
  24 jumping spiders
  3 spectral jumping spiders (Spider:4)
  7 trolls
  5 tyrant leeches
  16 hornets
  3 jumping spider zombies (Spider:4)
  6 dream sheep (Lair:6)
  45 slime creatures
  A spectral tarantella (Spider:4)
  2 tarantella zombies (Spider:4)
  17 blink frogs
  A meliai zombie (D:13)
  A slime creature (shapeshifter) (Elf:1)
  13 bog bodies
  10 hippogriffs
  3 water elementals
  6 spriggans
  A redback (shapeshifter) (Elf:1)
  2 air elementals (Elf:2)
  24 tarantellas
  Sigmund (D:3)
  61 redbacks
  9 wraiths
  2 shadows
  A hog (shapeshifter) (D:14)
  3 fire elementals
  5 hogs
  2 fire bats (Gauntlet)
  16 humans
  A spriggan (shapeshifter) (Elf:2)
  A fire bat (shapeshifter) (Elf:1)
  7 basilisks
  6 wyverns
  2 hungry ghosts
  14 yaks
  18 vampire mosquitoes
  2 steam dragons (Lair:6)
  22 swamp worms
  3 insubstantial wisps (Swamp:3)
  A soldier ant (shapeshifter) (Elf:1)
  10 wargs
  11 water moccasins
  A water moccasin (shapeshifter) (Elf:1)
  4 hell hounds (Lair:6)
  5 porcupines
  Duvessa (D:4)
  9 swamp drakes
  3 sky beasts
  4 black bears
  54 orc warriors
  2 spectral hornets (Spider:4)
  3 eyes of draining (D:13)
  3 ice beasts
  2 phantoms
  A necrophage (D:10)
  13 ogres
  An ogre (shapeshifter) (D:13)
  A tengu (shapeshifter) (D:15)
  24 wolves
  7 centaurs
  15 crocodiles
  A centaur (shapeshifter) (D:13)
  A big kobold (D:13)
  15 bullfrogs
  2 earth elementals (Elf:2)
  12 scorpions
  A water moccasin skeleton (D:9)
  9 killer bees
  12 wights
  12 electric eels
  4 lava snakes (Lair:6)
  4 crimson imps
  3 bullfrog zombies
  10 centaur zombies
  7 jellies
  7 hounds
  19 orc priests
  A bullfrog skeleton (D:13)
  3 human zombies (Ossuary)
  4 iguanas
  4 worker ants
  21 orc wizards
  2 hell rats (Lair:2)
  2 big kobold zombies (Ossuary)
  A hound skeleton (D:6)
  3 mummies (Ossuary)
  2 worker ant zombies
  2 howler monkey skeletons
  15 adders
  15 gnolls
  8 river rats (Lair:2)
  3 scorpion zombies (Ossuary)
  3 shadow imps
  A white imp (D:10)
  2 oozes
  2 adder zombies
  An adder skeleton (D:9)
  4 worms
  3 dart slugs
  129 orcs
  7 bats
  3 giant cockroaches
  30 goblins
  14 hobgoblins
  23 jackals
  5 quokkas
  4 frilled lizards (D:1)
  A goblin zombie (Ossuary)
  2 hobgoblin zombies (Ossuary)
  11 kobolds
  2 kobold zombies (Ossuary)
  An orc zombie (Ossuary)
  A quokka zombie (D:7)
  6 rats
  A fire vortex (D:14)
  6 fungi
  3 plants (Lair:4)
1425 creatures vanquished.

Vanquished Creatures (collateral kills)
  Mara (Spider:4)
  Saint Roka (Orc:2)
  A deep elf sorcerer (Elf:3)
  A deep elf elementalist (Elf:3)
  The ghost of brob1 the Fighter, a journeyman DrTm of Dithmenos (Orc:2)
  A deep elf demonologist (Elf:3)
  Erica (D:8)
  A death knight (D:15)
  A two-headed ogre (D:15)
  A centaur warrior (D:15)
  An alligator (Swamp:1)
  A queen ant (shapeshifter) (Elf:1)
  2 dancing weapons (Elf:2)
  A swamp dragon (Swamp:1)
  A spectral wolf spider (Spider:4)
  An orb spider (Spider:4)
  A wolf spider zombie (Spider:4)
  A moth of wrath (shapeshifter) (Elf:1)
  A wolf spider (Spider:4)
  An orc sorcerer (Orc:2)
  A moth of wrath (Spider:4)
  A black mamba (Lair:6)
  5 spiny frogs
  A demonic crawler (Spider:2)
  A troll (Orc:1)
  2 bog bodies
  2 jumping spiders
  A spectral jumping spider (Spider:4)
  2 hippogriffs
  2 spriggans
  2 tarantellas (Spider:4)
  4 redbacks
  Eustachio (D:6)
  A yak (D:11)
  A vampire mosquito (D:15)
  An ice beast (D:5)
  3 orc warriors
  A phantom (D:6)
  An ogre (D:5)
  A crocodile (Lair:4)
  A bullfrog (Lair:3)
  2 scorpions
  A killer bee (D:11)
  A wight (D:14)
  Dowan (D:4)
  A howler monkey (D:5)
  A jelly (D:5)
  An orc priest (Orc:2)
  2 iguanas
  An orc wizard (Orc:2)
  2 gnolls (Bailey)
  10 orcs
79 creatures vanquished.

Vanquished Creatures (others)
  A deep elf mage (Elf:2)
  A hornet (Swamp:1)
  A redback (Spider:1)
  A scorpion (Ossuary)
  104 fulminant prisms
  8 fungi (Lair:6)
  10 plants
  4 withered plants (Gauntlet)
130 creatures vanquished.

Grand Total: 1634 creatures vanquished

Notes
Turn   | Place    | Note
-------+----------+-------------------------------------------
     0 | D:1      | BledDest the Demonspawn Conjurer began the quest for the
                  | Orb.
     0 | D:1      | Reached XP level 1. HP: 13/13 MP: 3/3
   155 | D:1      | Gained mutation: When hurt, damage is shared between your
                  | health and your magic reserves. [demonic ancestry]
   155 | D:1      | Reached XP level 2. HP: 14/19 MP: 0/5
   279 | D:1      | Learned a level 2 spell: Searing Ray
  1079 | D:1      | Reached skill level 5 in Conjurations
  1092 | D:1      | Gained mutation: You are partially covered in slimy green
                  | scales. (AC +2) [demonic ancestry]
  1092 | D:1      | Reached XP level 3. HP: 21/24 MP: 1/6
  1946 | D:2      | Reached XP level 4. HP: 30/30 MP: 0/7
  1961 | D:2      | Learned a level 4 spell: Iskenderun's Mystic Blast
  2631 | D:3      | Noticed Sigmund
  2683 | D:3      | Killed Sigmund
  2683 | D:3      | Gained mutation: A weak demonic guardian rushes to your
                  | aid. [demonic ancestry]
  2683 | D:3      | Reached XP level 5. HP: 30/35 MP: 2/8
  2962 | D:3      | Noticed a phantom
  2969 | D:3      | Killed a phantom
  2969 | D:3      | Reached XP level 6. HP: 41/41 MP: 3/9
  4254 | D:3      | Found a hazy altar of Hepliaklqana.
  4255 | D:3      | Found a shadowy altar of Dithmenos.
  4255 | D:3      | Noticed a shadow
  4469 | D:4      | Reached skill level 1 in Fighting
  4584 | D:4      | Noticed Duvessa
  4584 | D:4      | Noticed Dowan
  4594 | D:4      | Killed Dowan
  4630 | D:4      | Killed Duvessa
  4630 | D:4      | Reached XP level 7. HP: 10/51 MP: 1/10
  5351 | D:5      | Entered Level 5 of the Dungeon
  5359 | D:5      | Found a snail-covered altar of Cheibriados.
  5383 | D:5      | Reached skill level 5 in Fighting
  5552 | D:5      | Gained mutation: You regenerate magic rapidly. [demonic
                  | ancestry]
  5552 | D:5      | Reached XP level 8. HP: 47/64 MP: 2/11
  5731 | D:5      | Found a staircase to the Ecumenical Temple.
  5767 | Temple   | Entered the Ecumenical Temple
  5918 | Temple   | Became a worshipper of Vehumet
  6145 | D:5      | Found Heser's Antique Weapon Emporium.
  6444 | D:6      | Reached skill level 1 in Shields
  6900 | D:6      | Reached * piety under Vehumet
  6900 | D:6      | Offered knowledge of Sandblast by Vehumet.
  6903 | D:6      | Learned a level 1 spell: Sandblast
  6941 | D:6      | Found an ornate altar of the Wu Jian Council.
  6942 | D:6      | Found a sacrificial altar of Ru.
  6958 | D:6      | Noticed Eustachio
  7039 | D:6      | Reached skill level 3 in Spellcasting
  7039 | D:6      | Gained mutation: You are mostly covered in slimy green
                  | scales. (AC +3) [demonic ancestry]
  7039 | D:6      | Reached XP level 9. HP: 74/74 MP: 13/13
  7040 | D:6      | Killed Eustachio
  7219 | D:6      | Reached skill level 4 in Spellcasting
  7842 | D:7      | Reached skill level 5 in Spellcasting
  8624 | D:7      | Reached skill level 6 in Spellcasting
  8817 | D:8      | Found Lucyn's Distillery.
  8847 | D:8      | Noticed Erica
  8874 | D:8      | Killed Erica
  8874 | D:8      | Reached skill level 7 in Spellcasting
  8883 | D:8      | HP: 3/74 [poisoned by Erica (bolt of poison)]
  8889 | D:8      | HP: 3/74 [poisoned by Erica (bolt of poison)]
  8896 | D:8      | HP: 2/74 [poisoned by Erica (bolt of poison)]
  9089 | D:8      | Found a sand-covered staircase.
  9098 | Ossuary  | Entered an ossuary
  9304 | Ossuary  | Reached skill level 8 in Spellcasting
  9345 | Ossuary  | Offered knowledge of Foxfire by Vehumet.
  9375 | Ossuary  | Reached ** piety under Vehumet
  9392 | Ossuary  | Learned a level 4 spell: Fulminant Prism
  9418 | Ossuary  | Gained mutation: You have sharp toenails. [demonic
                  | ancestry]
  9418 | Ossuary  | Reached XP level 10. HP: 80/80 MP: 22/22
 10540 | D:9      | Noticed a two-headed ogre
 10552 | D:9      | Killed a two-headed ogre
 10570 | D:9      | Offered knowledge of Ignite Poison by Vehumet.
 10807 | D:9      | Reached *** piety under Vehumet
 10948 | D:9      | Noticed Maggie
 10958 | D:9      | Killed Maggie
 10964 | D:9      | Reached skill level 5 in Dodging
 10994 | D:9      | Learned a level 5 spell: Lightning Bolt
 10997 | D:9      | Learned a level 2 spell: Swiftness
 11446 | D:10     | Entered Level 10 of the Dungeon
 11687 | D:10     | Offered knowledge of Sticky Flame by Vehumet.
 11688 | D:10     | Reached skill level 10 in Conjurations
 11695 | D:10     | Learned a level 4 spell: Sticky Flame
 11829 | D:10     | Found a staircase to the Orcish Mines.
 12126 | D:10     | Gained mutation: You have razor-sharp toenails. [demonic
                  | ancestry]
 12126 | D:10     | Reached XP level 11. HP: 86/86 MP: 23/23
 12439 | D:10     | Reached **** piety under Vehumet
 12497 | D:10     | Paralysed by a hornet for 2 turns
 12798 | D:11     | Offered knowledge of Lee's Rapid Deconstruction by Vehumet.
 12903 | D:11     | Found a staircase to the Lair.
 12993 | D:11     | Killed an unseen horror
 13389 | D:11     | Noticed a red ugly thing
 13393 | D:11     | Killed an unseen horror
 13394 | D:11     | Noticed a brown ugly thing
 13402 | D:11     | Killed a brown ugly thing
 13412 | D:11     | Killed a brown ugly thing
 14309 | Lair:1   | Entered Level 1 of the Lair of Beasts
 14326 | Lair:1   | Noticed a five-headed hydra
 14337 | Lair:1   | Killed a five-headed hydra
 14337 | Lair:1   | Reached skill level 9 in Spellcasting
 14464 | Lair:1   | Learned a level 5 spell: Lee's Rapid Deconstruction
 14490 | Lair:1   | Reached ***** piety under Vehumet
 14809 | Lair:1   | Reached XP level 12. HP: 92/92 MP: 25/25
 15174 | Lair:2   | Offered knowledge of Hailstorm by Vehumet.
 15458 | Lair:2   | Got a shimmering leather armour
 15459 | Lair:2   | Identified the +2 leather armour of Least Resistance
                  | {Str+4} (You found it on level 2 of the Lair of Beasts)
 17237 | Lair:4   | Reached skill level 10 in Spellcasting
 17845 | Lair:4   | Found a hole to the Spider Nest.
 17937 | Lair:4   | Found a staircase to the Swamp.
 17964 | Lair:4   | Noticed a catoblepas
 17973 | Lair:4   | Noticed a catoblepas
 17977 | Lair:4   | Killed a catoblepas
 17982 | Lair:4   | Killed a catoblepas
 17982 | Lair:4   | Reached skill level 10 in Dodging
 18691 | Lair:5   | Found a viscous altar of Jiyva.
 18691 | Lair:5   | Found a staircase to the Slime Pits.
 19061 | Lair:5   | Reached skill level 1 in Earth Magic
 19410 | Lair:6   | Entered Level 6 of the Lair of Beasts
 19435 | Lair:6   | Reached XP level 13. HP: 98/98 MP: 27/27
 19593 | Lair:6   | Reached skill level 11 in Spellcasting
 19739 | Lair:6   | Offered knowledge of Iskenderun's Battlesphere by Vehumet.
 19759 | Lair:6   | Learned a level 5 spell: Iskenderun's Battlesphere
 20032 | Lair:6   | Found a large runed translucent door.
 20032 | Lair:6   | Found a large runed translucent door.
 20134 | Lair:6   | Noticed a fire dragon
 20341 | Lair:6   | Reached skill level 5 in Earth Magic
 20782 | Lair:6   | Reached skill level 12 in Spellcasting
 21506 | Lair:6   | Killed a fire dragon
 21520 | Lair:6   | Identified the +7 rapier "Mudanum" {flame, Int+7} (You
                  | found it on level 6 of the Lair of Beasts)
 21820 | D:12     | Found a flagged portal.
 21831 | Bailey   | Entered a bailey
 21969 | Bailey   | Offered knowledge of Iron Shot by Vehumet.
 22087 | Bailey   | Reached XP level 14. HP: 105/105 MP: 18/30
 22183 | Bailey   | Noticed an orc warlord
 22209 | Bailey   | Killed an orc warlord
 22249 | Bailey   | Identified a scroll of acquirement
 22255 | Bailey   | Reached skill level 13 in Spellcasting
 22255 | Bailey   | Gained mutation: You have claws for feet. [demonic
                  | ancestry]
 22255 | Bailey   | Reached XP level 15. HP: 28/112 MP: 28/32
 22263 | Bailey   | Learned a level 6 spell: Iron Shot
 22280 | Bailey   | Acquired an uncursed amulet of reflection
 23298 | D:12     | Found a sacrificial altar of Ru.
 23707 | D:13     | Found a runed translucent door.
 23719 | D:13     | Found a runed translucent door.
 23742 | D:13     | Found a runed translucent door.
 23743 | D:13     | Found a runed translucent door.
 24059 | D:13     | Offered knowledge of Bolt of Magma by Vehumet.
 24157 | D:13     | Found Qeobb's Antique Weapon Shop.
 25133 | D:14     | Found a gate to the Vaults.
 25133 | D:14     | Found a gate leading to a gauntlet.
 25133 | D:14     | Noticed Rupert
 25133 | D:14     | Noticed Kirke
 25138 | D:14     | Paralysed by Rupert for 4 turns
 25270 | Gauntlet | Entered a Gauntlet
 25270 | Gauntlet | Found a transporter.
 25270 | Gauntlet | Found a transporter.
 25270 | Gauntlet | Found a transporter.
 25321 | Gauntlet | Found a transporter.
 25323 | Gauntlet | Found a transporter.
 25331 | Gauntlet | Found a transporter.
 25334 | Gauntlet | Found a transporter.
 25344 | Gauntlet | Found a transporter.
 25362 | Gauntlet | Found a transporter.
 25379 | Gauntlet | Found a transporter.
 25382 | Gauntlet | Found a transporter.
 25392 | Gauntlet | Found a transporter.
 25548 | Gauntlet | Got a glittering gossamer ring
 25636 | Gauntlet | Paralysed by you for 6 turns
 25658 | Gauntlet | Got a translucent silver ring
 25893 | Gauntlet | Identified the ring of Untruth {rN+ Str+3 Int+3 Dex+2} (You
                  | found it in a Gauntlet)
 25894 | Gauntlet | Identified the ring of Nuqaech {rF+ MR+ Int+2 SInv} (You
                  | found it in a Gauntlet)
 26227 | D:14     | Killed Rupert
 26227 | D:14     | Killed Kirke
 26227 | D:14     | Reached skill level 10 in Fighting
 26539 | D:14     | Found Efueq's Book Shoppe.
 26613 | D:14     | Bought a book of the Earth for 1040 gold pieces
 26621 | D:14     | Found a blossoming altar of Fedhas.
 26676 | D:14     | Reached ****** piety under Vehumet
 26718 | D:14     | Reached skill level 14 in Spellcasting
 26987 | D:14     | Gained mutation: When low on magic, you restore magic in
                  | place of health. [demonic ancestry]
 26987 | D:14     | Reached XP level 16. HP: 123/123 MP: 22/34
 27187 | D:14     | Identified the +8 falchion "Waih" {vorpal, rF+ Str+4} (You
                  | found it on level 14 of the Dungeon)
 27239 | D:15     | Entered Level 15 of the Dungeon
 27321 | D:15     | Offered knowledge of Fireball by Vehumet.
 27383 | D:15     | Found an ornate altar of the Wu Jian Council.
 27453 | D:15     | Identified the ring "Tepeypn" {rPois MP+9}
 27651 | D:15     | Found a shimmering altar of Xom.
 27859 | D:15     | Found a shimmering altar of Xom.
 27861 | D:15     | Found a shimmering altar of Xom.
 27862 | D:15     | Found a shimmering altar of Xom.
 27862 | D:15     | Noticed Josephine
 27869 | D:15     | Killed Josephine
 28102 | D:15     | Found a shimmering altar of Xom.
 28102 | D:15     | Found a shimmering altar of Xom.
 28139 | D:15     | Found a shimmering altar of Xom.
 28372 | D:15     | Found a staircase to the Depths.
 28780 | Spider:1 | Entered Level 1 of the Spider Nest
 30677 | Spider:2 | Offered knowledge of Freezing Cloud by Vehumet.
 30681 | Spider:2 | Reached skill level 10 in Earth Magic
 30691 | Spider:2 | Learned a level 6 spell: Freezing Cloud
 30905 | Spider:2 | Reached skill level 1 in Air Magic
 31973 | Spider:3 | Gained mutation: A demonic guardian rushes to your aid.
                  | [demonic ancestry]
 31973 | Spider:3 | Reached XP level 17. HP: 132/133 MP: 15/35
 32322 | Swamp:1  | Entered Level 1 of the Swamp
 32370 | Swamp:1  | Reached skill level 15 in Spellcasting
 33091 | Swamp:1  | Offered knowledge of Lehudib's Crystal Spear by Vehumet.
 33342 | Swamp:1  | Found a transporter.
 33344 | Swamp:1  | Found a transporter.
 34629 | Lair:1   | Learned a level 8 spell: Lehudib's Crystal Spear
 34823 | Swamp:2  | Noticed Aizul
 35708 | Swamp:2  | Reached skill level 5 in Air Magic
 35758 | Swamp:2  | Killed Aizul
 36706 | Swamp:3  | Offered knowledge of Chain Lightning by Vehumet.
 36706 | Swamp:3  | Offered knowledge of Tornado by Vehumet.
 36706 | Swamp:3  | Offered knowledge of Ignition by Vehumet.
 36892 | Swamp:3  | Got a scorched buckler
 36893 | Swamp:3  | Identified the +0 buckler of Penniug {Int+6} (You found it
                  | on level 3 of the Swamp)
 37192 | Swamp:3  | Reached skill level 16 in Spellcasting
 37455 | Swamp:4  | Entered Level 4 of the Swamp
 37747 | Swamp:4  | Gained mutation: A powerful demonic guardian rushes to your
                  | aid. [demonic ancestry]
 37747 | Swamp:4  | Reached XP level 18. HP: 143/143 MP: 32/38
 38676 | Swamp:4  | Noticed the 27-headed Lernaean hydra
 38687 | Swamp:4  | Killed the 27-headed Lernaean hydra
 38926 | Swamp:4  | Got a decaying rune of Zot
 39197 | Spider:4 | Entered Level 4 of the Spider Nest
 39464 | Spider:4 | Noticed Mara
 40021 | Spider:4 | Killed Mara
 40021 | Spider:4 | Reached skill level 17 in Spellcasting
 41411 | Spider:4 | Reached XP level 19. HP: 149/152 MP: 31/40
 41496 | Spider:4 | Got a gossamer rune of Zot
 41733 | Orc:1    | Entered Level 1 of the Orcish Mines
 41733 | Orc:1    | Found Eggauf's Armour Boutique.
 41801 | Orc:1    | Found Haocwugid's Gadget Boutique.
 41967 | Orc:1    | Reached skill level 1 in Armour
 42183 | Orc:1    | Found Zyexos's Jewellery Shop.
 42187 | Orc:1    | Found Vodeonlu's Food Shoppe.
 42314 | Orc:1    | Found Teckeab's Weapon Emporium.
 43233 | Orc:1    | Identified Kuedeev's Almanac of Lethal Arcane Weapons
 43241 | Orc:1    | Learned a level 5 spell: Borgnjor's Vile Clutch
 43242 | Orc:1    | Got a flickering platinum amulet
 43243 | Orc:1    | Identified the amulet "Ezxyeggi" {Spirit MP+9 Str-3 Dex+6}
                  | (You found it on level 1 of the Orcish Mines)
 43398 | Orc:2    | Entered Level 2 of the Orcish Mines
 43425 | Orc:2    | Noticed Jorgrun
 43429 | Orc:2    | Killed Jorgrun
 43845 | Orc:2    | Noticed Saint Roka
 43856 | Orc:2    | Killed Saint Roka
 44147 | Orc:2    | Found a roughly hewn altar of Beogh.
 44184 | Orc:2    | Found Zialud's Antique Armour Boutique.
 44211 | Orc:2    | Found Paduuc's Book Boutique.
 44340 | Orc:2    | Found a runed translucent gate.
 44341 | Orc:2    | Found a runed translucent gate.
 44342 | Orc:2    | Found a runed translucent gate.
 44345 | Orc:2    | Noticed waddelsworth's ghost (journeyman GrEE)
 44347 | Orc:2    | Noticed Quickbrownfox's ghost (journeyman DsVM)
 44348 | Orc:2    | Noticed brob1's ghost (journeyman DrTm)
 44348 | Orc:2    | Noticed Curus's ghost (journeyman HOBe)
 44436 | Orc:2    | Found a staircase to the Elven Halls.
 44471 | Orc:2    | Found Rorathrit's General Store.
 44487 | Orc:2    | Found Nudas's Antique Weapon Boutique.
 44676 | Orc:2    | Bought a glowing kite shield for 240 gold pieces
 44676 | Orc:2    | Bought a glowing cloak for 240 gold pieces
 44749 | Orc:2    | Killed waddelsworth's ghost
 44754 | Orc:2    | Killed brob1's ghost
 44783 | Orc:2    | Killed Curus's ghost
 44792 | Orc:2    | Killed Quickbrownfox's ghost
 45199 | Orc:2    | Identified the +0 whip "Q" {pain, rPois rF++ Dex+2 Stlth+}
                  | (You found it on level 2 of the Orcish Mines)
 45359 | Elf:1    | Entered Level 1 of the Elven Halls
 45513 | Elf:1    | Found a transporter.
 45513 | Elf:1    | Noticed w3rns's ghost (journeyman MiFi)
 45534 | Elf:1    | Found a transporter.
 46401 | Elf:1    | Reached skill level 5 in Armour
 46406 | Elf:1    | Killed w3rns's ghost
 46429 | Elf:1    | HP: 11/229 [shock serpent (shapeshifter) (5)]
 46437 | Elf:1    | HP: 9/229 [poisoned by a redback]
 46764 | Elf:1    | Got a slimy graven amulet
 47153 | Elf:2    | Identified the cursed +1 ring mail of Glamorous Lucidity
                  | {*Corrode rN++} (You found it on level 2 of the Elven
                  | Halls)
 47416 | Elf:2    | Found a runed translucent gate.
 47416 | Elf:2    | Found a runed translucent gate.
 47448 | Elf:2    | Found a runed translucent gate.
 47616 | Elf:2    | Reached skill level 5 in Shields
 47845 | Elf:2    | Reached skill level 15 in Dodging
 48269 | Elf:2    | HP: 4/154 [deep elf knight/arrow (12)]
 48885 | Elf:3    | Entered Level 3 of the Elven Halls
 49116 | Elf:3    | Found Sirul's Jewellery Boutique.
 49117 | Elf:3    | Found Riolan's Gadget Emporium.
 49119 | Elf:3    | Found Tuiso's Jewellery Boutique.
 49184 | Elf:3    | Reached XP level 20. HP: 161/161 MP: 41/41
 49512 | Elf:3    | Reached skill level 15 in Fighting
 49895 | Elf:3    | Reached skill level 10 in Air Magic
 50019 | Elf:3    | Identified the cursed +1 mace "Demonspawn's Death" {flame,
                  | rN+ Stlth+}
 50037 | Elf:3    | Killed from afar by a deep elf high priest

Illustrated notes

Levels and vault maps discovered:
D:1:      kilobyte_arrival_exit_the_forest, layout_loops_ring
D:2:      layout_loops_ring
D:3:      minmay_skewed_foursquare, layout_basic,
          riverfiend_overflow_shadow_ancestor, serial_bayou_lagoon_a,
          kennysheep_donut, minmay_fractal_squares_diagonal_5, uniq_sigmund
D:4:      layout_basic, uniq_duvessa
D:5:      layout_basic, nicolae_overflow_crystal_walls, temple_pool_b,
          first_ration, serial_shops, shop
D:6:      layout_cave_pods, chequers_temple_overflow_statue_of_worship,
          uniq_eustachio
D:7:      layout_basic
D:8:      layout_gridville, serial_shops, shop, serial_rivers,
          chequers_serial_rivers_small_a, chequers_serial_rivers_small_b,
          chequers_serial_rivers_small_3, chequers_serial_rivers_micro_b,
          enter_ossuary_1, uniq_erica
D:9:      layout_irregular_city, uniq_maggie
D:10:     layout_irregular_city, david_orc_2, hangedman_pestilent_swarm,
          hangedman_decor_peaks_small, minmay_fire_ice_demons
D:11:     layout_layer_cave, david_lair_generic
D:12:     layout_basic, enter_bailey_3, nicolae_ru_path_of_blood
D:13:     layout_loops_ring, serial_shops, nicolae_shop_trees, serial_undead,
          serial_undead_e, serial_undead_e, serial_undead_e, serial_undead_b,
          minivault_25, minmay_statue_crystal_thing
D:14:     kennysheep_scales, layout_cave_pools, david_vaults_3, serial_shops,
          nicolae_shop_waterfront, fedhas_altar_2, gauntlet_entry_generic,
          uniq_kirke
D:15:     grunt_enter_depths_snipers, layout_loops_ring,
          nicolae_xom_altar_mimics, basic_altar, uniq_josephine
Temple:   minmay_crystal_spiral_temple
Lair:1:   statuecave_lemuel, layout_regular_city, infiniplex_staircase_pool,
          serial_bayou_shore_a
Lair:2:   layout_small_grid, kennysheep_rathole
Lair:3:   layout_small_grid, cheibrodos_lair_reptile_den,
          infiniplex_staircase_pool_2, grunt_megastairs_3
Lair:4:   nzn_motion_control, layout_regular_city, minmay_swamp_entry_worms,
          dummy_spider_entry, grunt_megastairs_2, minmay_lair_oklob_chamber
Lair:5:   layout_cave_pods, slime_altar_1, lemuel_fruit_fields
Lair:6:   cheibrodos_lair_end_hotspot, layout_gridlike
Swamp:1:  gammafunk_the_bubble [the_bubble_gammafunk_crates],
          layout_basic_swamp, evilmike_swamp_ruin_house_3, swamp_pool1,
          hangedman_swamp_muck
Swamp:2:  layout_basic_swamp, evilmike_swamp_ruin_house_1, swamp_pool1,
          st_swamp_ruins_3, uniq_aizul
Swamp:3:  layout_falls_marsh, evilmike_swamp_ruin_rubble_1, swamp_pool1,
          cheibrodos_swamp_slimy
Swamp:4:  swamp_basic_johnstein, layout_basic_swamp
Spider:1: layout_spider_delve
Spider:2: layout_spider_delve
Spider:3: layout_spider_delve
Spider:4: floodkiller_spider_rune_tomb, guppyfry_spider_mini_2, uniq_mara
Orc:1:    layout_caves, serial_shops, shop, shop, shop,
          nicolae_shop_statue_plus, shop, nicolae_orc_lava_tube, library_closet,
          minmay_orc_treasury
Orc:2:    grunt_orc_cross, layout_diamond_mine, gammafunk_ghost_cemetery,
          uniq_jorgrun
Elf:1:    layout_onion_city, gammafunk_ghost_berserking_beasts,
          hangedman_elf_represent
Elf:2:    layout_geoelf_diagonals, st_stairs_1
Elf:3:    minmay_elf_hall_quartered_circle, layout_onion_city,
          nicolae_elf_big_sculpture_2, minmay_shop_grove, uniq_louise

Skill      XL: |  1  2  3  4  5  6  7  8  9 10 11 12 13 14 15 16 17 18 19 20 |
---------------+-------------------------------------------------------------+-----
Conjurations   | 5 7 8 10 11 13 14 | 14.0
Fighting       | 2 6 8 10 11 13 14 15 | 15.0
Shields        | 4 5 6 |  6.4
Spellcasting   | 3 8 9 10 12 13 14 16 17 | 17.0
Dodging        | 2 6 8 10 11 12 13 14 15 | 15.0
Earth Magic    | 1 6 8 10 | 10.0
Air Magic      | 2 5 8 9 10 | 10.0
Armour         | 6 8 |  8.2
Stealth        | |  1.7

Action                   |  1- 3 |  4- 6 |  7- 9 | 10-12 | 13-15 | 16-18 | 19-21 || total
-------------------------+-------+-------+-------+-------+-------+-------+-------++-------
Melee: Unarmed           |     3 |       |       |       |       |       |       ||     3
       Whip              |    36 |    69 |       |       |       |       |       ||   105
       Dagger            |       |    41 |   181 |   137 |    10 |       |       ||   369
       Rapier            |       |       |       |       |   144 |   171 |   132 ||   447
       Kick              |       |       |       |       |    41 |    48 |    31 ||   120
 Cast: Magic Dart        |    57 |    53 |   116 |   391 |   127 |   511 |   101 ||  1356
       Searing Ray       |     2 |     8 |    33 |    95 |   101 |    71 |    16 ||   326
       Iskenderun's Myst |       |       |     6 |    42 |   109 |    65 |    81 ||   303
       Fulminant Prism   |       |       |       |    48 |    27 |    24 |     5 ||   104
       Iskenderun's Batt |       |       |       |       |    28 |   136 |    33 ||   197
       Iron Shot         |       |       |       |       |    23 |   301 |   149 ||   473
       Lee's Rapid Decon |       |       |       |       |     9 |     9 |    19 ||    37
       Lehudib's Crystal |       |       |       |       |       |     7 |     7 ||    14
  Use: Scroll            |       |     6 |    15 |    10 |    15 |    12 |    13 ||    71
       Potion            |       |       |     5 |       |     3 |     7 |     6 ||    21
 Stab: Sleeping          |     1 |       |     2 |     6 |     1 |       |       ||    10
       Distracted        |       |       |       |     3 |     2 |       |       ||     5
  Eat: Chunk             |     4 |     4 |    14 |    27 |    20 |    38 |    15 ||   122
       Ration            |       |     2 |     1 |     3 |     3 |     8 |     4 ||    21
Armor: Robe              |    13 |    44 |    94 |    34 |       |       |       ||   185
       Steam dragon scal |       |       |       |    96 |   118 |   143 |    48 ||   405
       Skin              |       |       |       |       |       |       |     2 ||     2
Dodge: Dodged            |    39 |    87 |   151 |   229 |   207 |   575 |   198 ||  1486
Block: Buckler           |       |       |    86 |   145 |   198 |   454 |   168 ||  1051
       Reflection        |       |       |       |       |    15 |    16 |    19 ||    50
       Other             |       |       |       |       |     1 |       |       ||     1
